 Dungeon Crawl Stone Soup version 0.29-a0-330-g52719c12eb (webtiles) character file.

Game seed: 12587060667610317915

0 spiderkeys the Ducker (level 1, -8/10 HPs)
             Began as a Felid Abyssal Knight on Apr 13, 2022.
             Was a Believer of Lugonu.
             Mangled by an ancient zyme (9 damage)
             ... on level 1 of the Abyss.
             The game lasted 00:00:26 (271 turns).

spiderkeys the Ducker (Felid Abyssal Knight)         Turns: 271, Time: 00:00:27

Health: -8/10      AC:  1    Str:  9    XL:     1   Next: 0%
Magic:  3/3        EV: 18    Int: 11    God:    Lugonu [**....]
Gold:   0          SH:  0    Dex: 16    Spells: 0/0 levels left
                                        Lives:  0   Deaths: 0

rFire   . . .      SeeInvis +     - Unarmed
rCold   . . .      Faith    .   (shield unavailable)
rNeg    . . .      Spirit   .   (body armour unavailable)
rPois   .          Reflect  .   (helmet unavailable)
rElec   .          Harm     .   (cloak unavailable)
rCorr   .          Rampage  .   (gloves unavailable)
Will    .....      Rage     3%  (boots unavailable)
Stlth   +.........              (no amulet)
HPRegen 0.00/turn               (no ring)
MPRegen 0.08/turn               (no ring)

@: sick, quick
A: very small, claws 1, fangs 3, see invisible, speed 1, shaggy fur 1, stealthy
paws, no weapons or thrown items, no armour, multi-lived, [berserk 2]
a: Renounce Religion, Depart the Abyss, Bend Space


You were on level 1 of the Abyss.
You worshipped Lugonu.
Lugonu was pleased with you.
You visited 0 branches of the dungeon, and saw 0 of its levels.
You visited the Abyss 1 time.


Innate Abilities, Weirdness & Mutations

You have sharp claws.
You have razor-sharp teeth.
You have supernaturally acute eyesight. (SInv)
You cover ground quickly. (Speed+)
You are covered in fur. (AC +1)
Your paws help you pounce on unaware monsters.
You are incapable of wielding weapons or throwing items.
You cannot wear armour.
You gain extra lives every three experience levels.
[You often lose your temper in combat.]


   Skills:
 + Level 3.0 Fighting
 + Level 3.2 Dodging
 + Level 2.0 Unarmed Combat
 + Level 1.7 Invocations


You couldn't memorise any spells.
You didn't know any spells.
Your spell library was empty.

You aren't carrying anything.

Dungeon Overview and Level Annotations

Branches:
Dungeon (0/15)

Altars:

.###..# .. ≈.≈.
##....... .###
##≈≈≈ #
...#.#..##.##. .
#≈.#≈ ###..#.... .
#. .≈. ....#..#..#
## ###≈ ≈≈
#......###...≈...≈≈
#.#.##..##. ....#≈#
#.....#..x x .. .≈
##@x###..#.#.#.#.≈
#.#........### . ♣
#.X######### . #.##
##. ### #


You could see an ancient zyme.


Message History

🤖 Initializing magus.rc ...
Options error: Bad monster_list_colour key: strict_neutral (~/.crawlrc:5438) ✅ Successfully initialized magus.rc [v1.11.3] Welcome, spiderkeys the Felid Abyssal Knight.
Will you be the one to retrieve the fabled Orb of Zot from the depths?
Lugonu says: Depart the Abyss and spread corruption, my servant! (use the ability menu to exit the Abyss) Press ? for a list of commands and other information.
Found a corrupted altar of Lugonu.
Found a gateway leading deeper into the Abyss.
Found a corrupted altar of Lugonu.
There is a gateway leading deeper into the Abyss here.
A large abomination comes into view.
A wraith comes into view.
A wretched star comes into view.
The wretched star pulses with an eldritch light!
You feel a little pissed off.
You feel angry.
An ancient zyme comes into view.
You feel yourself growing ill in the presence of the ancient zyme.
You feel ill.
You feel ill.
You enter the shallow water.
Moving in this stuff is going to be slow.
You feel ill.
A tentacled starspawn comes into view.
A starspawn tentacle comes into view. x2
The ancient zyme hits you!
Ouch! That really hurt!
* * * LOW HITPOINT WARNING * * *
The ancient zyme hits you!
Ouch! That really hurt!
You die...

Levels and vault maps discovered:
Abyss:1:  base: Temple, base: Temple, hangedman_abyss_or_decor_jellyfish_corner,
          evilmike_abyss_exit_plants

Notes
Turn   | Place    | Note
-------+----------+-------------------------------------------
     0 | Abyss:1  | spiderkeys the Felid Abyssal Knight began the quest for the
                  | Orb.
     0 | Abyss:1  | Reached XP level 1. HP: 10/10 MP: 3/3
     0 | Abyss:1  | magus.rc [v1.11.3]
    44 | Abyss:1  | Found a corrupted altar of Lugonu.
    97 | Abyss:1  | Found a corrupted altar of Lugonu.
   183 | Abyss:1  | Found a corrupted altar of Lugonu.
   208 | Abyss:1  | Noticed a large abomination
   212 | Abyss:1  | Noticed a wraith
   214 | Abyss:1  | Noticed a wretched star
   231 | Abyss:1  | Noticed an ancient zyme
   259 | Abyss:1  | Noticed a tentacled starspawn
   271 | Abyss:1  | HP: 1/10 [ancient zyme (9)]
   271 | Abyss:1  | Mangled by an ancient zyme

Vanquished Creatures (others)
  2 starspawn tentacles (Abyss:1)
2 creatures vanquished.

Table legend:
 A = Non-vault XP
 B = Vault XP
 C = Vault XP percentage of total XP
 D = Non-vault monster count
 E = Vault monster count
 F = Vault count percentage of total count
                 A         B        C        D         E       F
            +---------+---------+-------+---------+---------+-------
      Total |       0 |       0 |   N/A |       0 |       0 |  -nan
            +---------+---------+-------+---------+---------+-------
            +---------+---------+-------+---------+---------+-------

Illustrated notes

Table legend: (Time is in decaauts)
 A = Elapsed time spent in this place.
 B = Non-inter-level travel time spent in this place.
 C = Inter-level travel time spent in this place.
 D = Time resting spent in this place.
 E = Time spent auto-exploring this place.
 F = Levels seen in this place.
 G = Mean time per level.
                   A        B        C        D        E       F      G
               +--------+--------+--------+--------+--------+-----+--------+
         Total |    218 |    218 |      0 |      0 |    164 |   1 |  218.0 |
         Abyss |    218 |    218 |      0 |      0 |    164 |   1 |  218.0 |
               +--------+--------+--------+--------+--------+-----+--------+

Top non-repeatable levels by time:
 Abyss:1: 218 daAuts
